 Dungeon Crawl Stone Soup version 0.30-a0-137-gd8773701ce (webtiles) character file.

Game seed: 8255932570142669097

45 KennySheep the Chopper (level 3, -1/31 HPs)
             Began as a Palentonga Berserker on Sept 22, 2022.
             Was a Believer of Trog.
             Slain by a gnoll
             ... wielding a +0 flail
              (4 damage)
             ... on level 3 of the Dungeon.
             The game lasted 00:04:11 (2030 turns).

KennySheep the Chopper (Palentonga Berserker)       Turns: 2030, Time: 00:04:12

Health: -1/31      AC:  5    Str: 24    XL:     3   Next: 42%
Magic:  3/3        EV: 10    Int:  7    God:    Trog [**....]
Gold:   72         SH:  0    Dex:  9    Spells: 2/2 levels left

rFire   . . .      SeeInvis +    a - +0 hand axe
rCold   . . .      Faith    .    (no shield)
rNeg    . . .      Spirit   .    b - +0 animal skin
rPois   .          Reflect  .    (no helmet)
rElec   .          Harm     .    h - +0 cloak
rCorr   .          Rampage  .    (no gloves)
Will    .....                    (no barding)
Stlth   +.........               (no amulet)
HPRegen 0.10/turn                (no ring)
MPRegen 0.08/turn                (no ring)

@: no status effects
A: large, rugged brown scales 3, see invisible, deformed body, roll 1, armoured
tail
a: Rolling Charge, Renounce Religion, Berserk, Trog's Hand


You were on level 3 of the Dungeon.
You worshipped Trog.
Trog was pleased with you.
You visited 1 branch of the dungeon, and saw 3 of its levels.

You collected 105 gold pieces.
You spent 33 gold pieces at shops.

Inventory:

Hand Weapons
 a - a +0 hand axe (weapon)
Armour
 b - a +0 animal skin (worn)
 h - a +0 cloak (worn)
Jewellery
 n - a ring of flight
Scrolls
 f - 2 scrolls of enchant armour {unknown}
 i - a scroll of immolation {unknown}
 j - a scroll of teleportation
 k - a scroll of identify {unknown}
 m - a scroll of noise {unknown}
 p - a scroll of vulnerability {unknown}
Potions
 c - 4 potions of curing {unknown}
 d - a potion of haste {unknown}
 e - a potion of magic {unknown}
 g - a potion of flight {unknown}
 l - a potion of mutation {unknown}
 o - a potion of resistance {unknown}


   Skills:
 + Level 3.3 Fighting
 * Level 3.6 Axes
 + Level 2.0 Armour
 + Level 2.0 Dodging


You had 2 spell levels left.
You didn't know any spells.
Your spell library was empty.

Dungeon Overview and Level Annotations

Branches:
Dungeon (3/15)

Altars:

Shops:
D:2 ?


Innate Abilities, Weirdness & Mutations

You are completely covered in rugged brown scales. (AC +3, +7% HP)
You have supernaturally acute eyesight. (SInv)
Armour fits poorly on your strangely shaped body.
You can roll at nearby foes to attack.
You have a long armoured tail.


Message History

There is an open door here.
There is a stone staircase leading down here.
You climb downwards.
There is a stone staircase leading up here. 2 gnolls come into view.
The gnoll shouts!
A gnoll comes into view. It is wielding a +0 halberd.
A gnoll comes into view. It is wielding a +0 spear.
Roll where?
Press: ? - help, Q - select action, (/) - cycle Dir - move target, f - gnoll
Aim: a gnoll, wielding a +0 club You roll forward with a clatter of scales!
The gnoll shouts!
You hit the gnoll.
The gnoll is moderately wounded.
The gnoll hits you with a +0 club! The gnoll attacks as you move away!
The gnoll hits you with a +0 flail. The gnoll attacks as you move away!
The gnoll hits you with a +0 flail. The gnoll attacks as you move away!
The gnoll barely misses you.
You hit the gnoll.
The gnoll is lightly wounded.
The gnoll closely misses you.
You hit the gnoll.
The gnoll is lightly wounded.
The gnoll barely misses you.
You hit the gnoll.
Your tail-slap misses the gnoll.
The gnoll is moderately wounded.
The gnoll hits you with a +0 flail.
You hit the gnoll.
Your tail-slap misses the gnoll.
The gnoll is moderately wounded.
The gnoll hits you with a +0 flail!
* * * LOW HITPOINT WARNING * * *
You hit the gnoll.
Your tail-slap misses the gnoll.
The gnoll is severely wounded.
The gnoll hits you with a +0 flail.
* * * LOW HITPOINT WARNING * * *
You hit the gnoll.
The gnoll is severely wounded.
The gnoll hits you with a +0 flail.
You die...

#.......### .........#
......# ###### #gg...#
#...<# #.# #.#### #g#
#####.# #.# #..##.##
#.###########.##P.P#
#gggg@........##≈.≈###
##########.####≈≈.≈≈##
#.##P≈≈≈.≈≈≈P
#............
#.##P≈≈≈.≈≈≈P
#.####≈≈.≈≈## #.##
##≈.≈### #..####P.P#
##...###.##


You could see 4 gnolls.

Vanquished Creatures
  An adder (D:2)
  A worm (D:2)
  2 bats
  An endoplasm (D:1)
  3 giant cockroaches
  A goblin (D:1)
  5 hobgoblins
  4 kobolds (D:2)
  4 quokkas
  2 ball pythons
  3 frilled lizards
  6 rats
33 creatures vanquished.

Notes
Turn   | Place    | Note
-------+----------+-------------------------------------------
     0 | D:1      | KennySheep the Palentonga Berserker began the quest for the
                  | Orb.
     0 | D:1      | Reached XP level 1. HP: 19/19 MP: 1/1
    24 | D:1      | Found a faded altar of an unknown god.
   224 | D:1      | Reached XP level 2. HP: 14/25 MP: 2/2
   990 | D:2      | Found Abigg's Magic Scroll Shoppe.
   998 | D:2      | Bought a scroll of teleportation for 33 gold pieces
  1025 | D:2      | Reached ** piety under Trog
  1026 | D:2      | Reached XP level 3. HP: 18/31 MP: 3/3
  2030 | D:3      | Slain by a gnoll

Illustrated notes

Levels and vault maps discovered:
D:1:      saegor_arrival_simple_c, layout_loops_cross,
          hellmonk_ecumenical_altar_prayer_group
D:2:      layout_basic, serial_shops, nicolae_square_shop
D:3:      layout_basic, mainiacjoe_overflow_catch_the_wave,
          dreamdust_princess_bridge, kennysheep_minor_cross,
          serial_bayou_pond_e, minmay_cupped, uniq_grinder, uniq_terence

Skill      XL: |  1  2  3 |
---------------+----------+-----
Armour         | 2 |  2.0
Dodging        | 2 |  2.0
Fighting       | |  3.3
Axes           | |  3.6

Action                   || total
-------------------------++-------
Melee: Hand axe          ||    97
       Tailslap          ||    11
       Punch             ||     1
 Abil: Rolling Charge    ||    16
Armor: Animal skin       ||    27
Dodge: Dodged            ||    40

Table legend: (Time is in decaauts)
 A = Elapsed time spent in this place.
 B = Non-inter-level travel time spent in this place.
 C = Inter-level travel time spent in this place.
 D = Time resting spent in this place.
 E = Time spent auto-exploring this place.
 F = Levels seen in this place.
 G = Mean time per level.
                   A        B        C        D        E       F      G
               +--------+--------+--------+--------+--------+-----+--------+
         Total |   2042 |   1993 |     49 |    129 |   1630 |   3 |  680.7 |
       Dungeon |   2042 |   1993 |     49 |    129 |   1630 |   3 |  680.7 |
               +--------+--------+--------+--------+--------+-----+--------+

Top non-repeatable levels by time:
     D:2: 1072 daAuts
     D:1: 889 daAuts
     D:3: 81 daAuts
